 Dungeon Crawl Stone Soup version 0.27-a0-1242-ge70438ac7b (webtiles) character file.

Game seed: 4659422583071711412

912884 fliflo the Slayer (level 27, -9/210 (216) HPs)
             Began as a Gargoyle Earth Elementalist on June 7, 2021.
             Was the Champion of Vehumet.
             Hit by an iron giant thrown by iron giant (16 damage)
             ... on level 15 of a ziggurat on June 9, 2021.
             The game lasted 03:43:46 (79416 turns).

fliflo the Slayer (Gargoyle Earth Elementalist)    Turns: 79416, Time: 03:43:46

HP:   -9/210 (216)  AC: 31    Str: 28    XL:     27
MP:   0/55          EV: 20    Int: 40    God:    Vehumet [******]
Gold: 7608          SH:  8    Dex: 15    Spells: 10/73 levels left

rFire    + . .     SeeInvis +   q - +9 demon whip (elec)
rCold    . . .     Faith    .   t - +3 buckler {rF+}
rNeg     + . .     Spirit   +   y - +4 moon troll leather armour {Spirit, Regen++ MP+5}
rPois    ∞         Reflect  .   p - +3 crown of Dyrovepreva {rElec Int+2 SInv}
rElec    +         Harm     .   P - +3 cloak "Zimaun" {Str+6 Int+5}
rCorr    .         Rampage  .   U - +0 pair of fencer's gloves {Riposte Dex+3}
Will     ++...                  E - +2 pair of boots {Stlth+}
Stlth    +++.......             h - amulet of Nepouxi {RegenMP Regen+ Str+2}
HPRegen  3.45/turn              j - +4 ring of slaying
MPRegen  0.59/turn              N - ring "Opokarek" {+Blink rPois Str+3 Int+7 Slay+4}

@: corroded, flying, very slightly contaminated, studying 4 skills, lightly
drained
A: sickness immunity, AC +20, big wings, negative energy resistance 1,
electricity resistance, torment resistance 1, petrification resistance, antennae
1, iridescent scales 1, agile 1, robust 1, strong 1
}: 3/15 runes: decaying, serpentine, silver
a: Renounce Religion, Evoke Blink


You were on level 15 of a ziggurat.
You worshipped Vehumet.
Vehumet was exalted by your worship.
You visited 10 branches of the dungeon, and saw 48 of its levels.
You visited the Abyss 1 time.
You visited 2 ziggurats (completing 1), and saw 42 of their levels.
You also visited: Trove, Sewer, Ice Cave, Volcano and Wizlab.

You collected 11297 gold pieces.
You spent 3689 gold pieces at shops.

Inventory:

Hand Weapons
 f - the +6 shillelagh "Devastator" {shatter}
   (You found it on level 3 of a ziggurat)
 q - a +9 demon whip of electrocution (weapon)
 r - the +7 great mace of Pain and Death {speed, rC+++ rN+ Str-2 Dex-4}
   (You bought it in a shop on level 4 of the Depths)

   Attacks with this weapon are significantly faster.
   It affects your strength (-2).
   It affects your dexterity (-4).
   It renders you almost immune to cold.
   It protects you from negative energy.
Armour
 p - the +3 crown of Dyrovepreva (worn) {rElec Int+2 SInv}
   (You found it on level 13 of a ziggurat)

   It affects your intelligence (+2).
   It insulates you from electricity.
   It lets you see invisible.
 t - a +3 buckler of fire resistance (worn)
 y - the +4 moon troll leather armour (worn) {Spirit, Regen++ MP+5}
   (You took it off a moon troll in a wizard's laboratory)

   It affects your magic capacity (+5).
   It increases your rate of health regeneration.
 E - a +2 pair of boots of stealth (worn)
 P - the +3 cloak "Zimaun" (worn) {Str+6 Int+5}
   (You found it on level 20 of a ziggurat)

   It affects your strength (+6).
   It affects your intelligence (+5).
 U - the +0 pair of fencer's gloves (worn) {Riposte Dex+3}
   (You found it in an ice cave)

   It affects your dexterity (+3).
Jewellery
 g - the ring of Bishrem {rCorr Int+9}
   (You found it on level 8 of a ziggurat)

   [ring of resist corrosion]

   It affects your intelligence (+9).
   It protects you from acid and corrosion.
 h - the amulet of Nepouxi (around neck) {RegenMP Regen+ Str+2}
   (You bought it in a shop on level 15 of the Dungeon)

   [amulet of magic regeneration]

   It increases your rate of magic regeneration.
   It affects your strength (+2).
   It increases your rate of health regeneration.
 j - a +4 ring of slaying (left hand)
 l - the ring of Shadows {Umbra +Inv Stlth+}
   (You found it on level 18 of a ziggurat)

   [ring of stealth]

   It lets you turn invisible.
   It makes you more stealthy.
 N - the ring "Opokarek" (right hand) {+Blink rPois Str+3 Int+7 Slay+4}
   (You took it off an orc knight on level 2 of the Orcish Mines)

   [ring of slaying]

   It affects your strength (+3).
   It affects your intelligence (+7).
   It affects your accuracy and damage with ranged weapons and melee attacks
   (+4).
   It protects you from poison.
   It lets you blink.
Wands
 n - a wand of iceblast (83)
 I - a wand of acid (37)
Scrolls
 c - a scroll of summoning
 e - 6 scrolls of holy word
 i - a scroll of enchant armour
 m - 37 scrolls of teleportation
 u - 59 scrolls of identify
 v - a scroll of magic mapping
 B - 28 scrolls of fog
 D - 15 scrolls of amnesia
 S - 11 scrolls of blinking
Potions
 a - 12 potions of brilliance
 d - 32 potions of curing
 k - 6 potions of magic
 o - 8 potions of resistance
 s - 7 potions of haste
 x - 30 potions of mutation
 A - 2 potions of heal wounds
 C - 10 potions of ambrosia
 G - 9 potions of cancellation
 J - 4 potions of invisibility
 K - 7 potions of might
 L - 5 potions of berserk rage
Miscellaneous
 b - a box of beasts
 F - a condenser vane
 R - a phantom mirror
 W - a lightning rod (4/4)
 X - a phial of floods
 Z - a tin of tremorstones (2/2)


   Skills:
 + Level 26.6 Fighting
 - Level 16.0 Maces & Flails
 - Level 6.0 Armour
 - Level 15.0 Dodging
 - Level 2.1 Stealth
 - Level 4.0 Shields
 + Level 23.8 Spellcasting
 - Level 20.0 Conjurations
 - Level 18.1 Necromancy
 - Level 12.0 Transmutations
 - Level 22.0 Fire Magic
 - Level 20.5 Ice Magic
 - Level 22.0 Earth Magic
 - Level 10.0 Evocations


You had 10 spell levels left.
You knew the following spells:

 Your Spells              Type           Power      Damage    Failure   Level
a - Shatter               Erth           61%        3d45*     1%          9
b - Death's Door          Necr           56%        N/A       28%         9
c - Lee's Rapid Deconstr  Erth           61%        3d29*     0%          5
d - Iron Shot             Conj/Erth      60%        9d11      0%          6
f - Fire Storm            Conj/Fire      60%        8d15      2%          9
g - Ignition              Fire           61%        3d16      1%          8
h - Necromutation         Tmut/Necr      53%        N/A       6%          8
i - Absolute Zero         Ice            59%        ∞         3%          9

Your spell library contained the following spells:

 Spells                   Type           Power      Damage    Failure   Level
 Lehudib's Crystal Spear  Conj/Erth      60%        10d14     1%          8
 Animate Skeleton         Necr           100%       N/A       0%          1
 Beastly Appendage        Tmut           100%       N/A       0%          1
 Foxfire                  Conj/Fire      100%       2x1d9     0%          1
 Freeze                   Ice            100%       1d11      0%          1
 Magic Dart               Conj           100%       1d8       0%          1
 Pain                     Necr           100%       1d9       0%          1
 Sandblast                Erth           100%       2d20      0%          1
 Shock                    Conj/Air       100%       1d9       0%          1
 Ensorcelled Hibernation  Hex/Ice        100%       N/A       0%          2
 Passwall                 Tmut/Erth      92%        N/A       0%          2
 Searing Ray              Conj           100%       3d7       0%          2
 Static Discharge         Conj/Air       91%        N/A       0%          2
 Wereblood                Tmut           97%        N/A       0%          2
 Conjure Flame            Conj/Fire      100%       6-21      0%          3
 Dazzling Flash           Conj/Hex       100%       N/A       0%          3
 Frozen Ramparts          Ice            100%       1d12      0%          3
 Ignite Poison            Fire/Tmut/Pois 95%        N/A       0%          3
 Inner Flame              Hex/Fire       94%        N/A       0%          3
 Ozocubu's Armour         Ice            100%       N/A       0%          3
 Stone Arrow              Conj/Erth      100%       3d13      0%          3
 Vampiric Draining        Necr           56%        2d14      0%          3
 Animate Dead             Necr           56%        N/A       0%          4
 Dispel Undead            Necr           100%       3d31      0%          4
 Hailstorm                Conj/Ice       100%       3d20      0%          4
 Ice Form                 Ice/Tmut       100%       N/A       0%          4
 Petrify                  Tmut/Erth      100%       N/A       0%          4
 Sticky Flame             Conj/Fire      100%       2d11      0%          4
 Agony                    Necr           100%       N/A       0%          5
 Bolt of Magma            Conj/Fire/Erth 60%        4d24      0%          5
 Borgnjor's Vile Clutch   Necr/Erth      59%        N/A       0%          5
 Excruciating Wounds      Necr           56%        N/A       0%          5
 Fireball                 Conj/Fire      60%        3d23      0%          5
 Irradiate                Conj/Tmut      54%        3d31      0%          5
 Iskenderun's Battlesphe  Conj           100%       2d15      0%          5
 Starburst                Conj/Fire      60%        8x6d16    0%          6
 Apportation              Tloc           94%        N/A       1%          1
 Corona                   Hex            52%        N/A       1%          1
 Sting                    Tmut/Pois      100%       1d8       1%          1
 Summon Small Mammal      Summ           100%       N/A       1%          1
 Blink                    Tloc           N/A        N/A       1%          2
 Call Imp                 Summ           47%        N/A       1%          2
 Corpse Rot               Necr/Air       N/A        N/A       1%          2
 Poisonous Vapours        Pois/Air       94%        N/A       1%          2
 Slow                     Hex            47%        N/A       1%          2
 Call Canine Familiar     Summ           47%        N/A       1%          3
 Confusing Touch          Hex            47%        N/A       1%          3
 Gell's Gravitas          Tloc           23%        N/A       1%          3
 Lesser Beckoning         Tloc           23%        N/A       1%          3
 Mephitic Cloud           Conj/Pois/Air  79%        N/A       1%          3
 Portal Projectile        Hex/Tloc       94%        N/A       1%          3
 Spider Form              Tmut/Pois      38%        N/A       1%          3
 Summon Guardian Golem    Hex/Summ       47%        N/A       1%          3
 Swiftness                Air            47%        N/A       1%          3
 Teleport Other           Tloc           47%        N/A       1%          3
 Tukima's Dance           Hex            47%        N/A       1%          3
 Airstrike                Air            23%        N/A       1%          4
 Animate Armour           Summ/Erth      100%       N/A       1%          4
 Fulminant Prism          Conj/Hex       45%        3d21      1%          4
 Iskenderun's Mystic Bla  Conj/Tloc      91%        2d18      1%          4
 Leda's Liquefaction      Hex/Erth       47%        N/A       1%          4
 Olgreb's Toxic Radiance  Pois           47%        N/A       1%          4
 Summon Ice Beast         Ice/Summ       92%        N/A       1%          4
 Alistair's Intoxication  Tmut/Pois      51%        N/A       1%          5
 Lightning Bolt           Conj/Air       45%        1d65      1%          5
 Metabolic Englaciation   Hex/Ice        46%        N/A       1%          5
 Yara's Violent Unravell  Hex/Tmut       38%        3d15      1%          5
 Blade Hands              Tmut           48%        N/A       1%          6
 Conjure Ball Lightning   Conj/Air       45%        3x3d16    1%          6
 Death Channel            Necr           56%        N/A       1%          6
 Eringya's Noxious Bog    Tmut/Pois      38%        N/A       1%          6
 Freezing Cloud           Conj/Ice/Air   51%        6-21      1%          6
 Simulacrum               Ice/Necr       58%        N/A       1%          6
 Orb of Destruction       Conj           59%        9d17      1%          7
 Ozocubu's Refrigeration  Ice            59%        4d16      1%          7
 Spellforged Servitor     Conj/Summ      45%        N/A       1%          7
 Borgnjor's Revivificati  Necr           56%        N/A       1%          8
 Infestation              Necr           56%        N/A       1%          8
 Dragon Form              Tmut           48%        N/A       3%          7
 Cause Fear               Hex            23%        N/A       4%          4
 Passage of Golubria      Tloc           N/A        N/A       4%          4
 Summon Lightning Spire   Summ/Air       47%        N/A       4%          4
 Haunt                    Necr/Summ      44%        N/A       10%         7
 Manifold Assault         Tloc           47%        N/A       13%         5
 Silence                  Hex/Air        23%        N/A       13%         5
 Summon Forest            Summ/Tloc      23%        N/A       13%         5
 Summon Mana Viper        Hex/Summ       47%        N/A       13%         5
 Chain Lightning          Conj/Air       45%        N/A       13%         8
 Storm Form               Tmut/Air       38%        N/A       34%         7
 Dispersal                Tloc           23%        N/A       58%         6
 Invisibility             Hex            23%        N/A       58%         6
 Shadow Creatures         Summ           N/A        N/A       58%         6
 Malign Gateway           Summ/Tloc      23%        N/A       99%         7
 Monstrous Menagerie      Summ           23%        N/A       99%         7
 Summon Hydra             Summ           23%        N/A       99%         7
 Discord                  Hex            23%        N/A       100%        8
 Disjunction              Tloc           23%        N/A       100%        8
 Summon Horrible Things   Summ           23%        N/A       100%        8
 Dragon's Call            Summ           23%        N/A       100%        9
 Tornado                  Air            23%        N/A       100%        9
 Sublimation of Blood     Necr           Unusable   N/A       N/A         2
 Statue Form              Tmut/Erth      Unusable   N/A       N/A         6

Dungeon Overview and Level Annotations

Branches:
Dungeon (15/15)            Temple (1/1) D:5            Lair (6/6) D:8
  Swamp (4/4) Lair:4        Snake (4/4) Lair:4        Slime (0/5) Lair:5
    Orc (2/2) D:10            Elf (3/3) Orc:2        Vaults (5/5) D:13
  Crypt (3/3) Vaults:2       Tomb (0/3) Crypt:3      Depths (5/5) D:15
    Zot (0/5) Depths:5      Sewer (visited)           IceCv (visited)
Volcano (visited)          WizLab (visited)

Altars:
Ashenzari
Cheibriados
Dithmenos
Elyvilon
Fedhas
Gozag
Hepliaklqana
Kikubaaqudgha
Makhleb
Nemelex Xobeh
Okawaru
Qazlal
Ru
Sif Muna
Trog
Uskayaw
Vehumet
Wu Jian
Xom
Yredelemnul
Zin
The Shining One
Beogh
Jiyva

Shops:
D:15 =   Orc:1 ::?!   Orc:2 !(!:   Elf:3 (   Vaults:2 ?   Depths:4 (

Portals:
Hell: Depths:1 Depths:2 Depths:3 Depths:4 Depths:5
Abyss: Snake:2 Depths:1 Depths:2 Depths:4 Depths:5
Pandemonium: Orc:2 Depths:2 Depths:3

Annotations:
D:10 2 transporters, PonderousOgre's ghost, journeyman FoEE
Snake:2 2 transporters
Elf:2 3 runed translucent doors


Innate Abilities, Weirdness & Mutations

You are immune to sickness and miasma.
Your stone body is resilient. (AC +20)
You are immune to poison.
Your large and strong wings let you fly.
You resist negative energy. (rN+)
You are resistant to electric shocks. (rElec)
You are resistant to unholy torment.
You are immune to petrification.
You have a pair of small antennae on your head.
You are partially covered in iridescent scales. (AC +2)
You are agile. (Dex +2)
You are robust. (+10% HP)
Your muscles are strong. (Str +2)


Message History

Unknown command.
Blink to where?
Press: ? - help, Dir - move target
As you read the scroll of blinking, it crumbles to dust.
An earth elemental, a stone giant, a torpor snail and an entropy weaver come into view.
Unknown command.
As you read the scroll of fog, it crumbles to dust.
The scroll dissolves into smoke.
A stone giant comes into view.
Unknown command.
You feel much better.
The entropy weaver hits you but does no damage. x2
The entropy weaver misses you. You block the entropy weaver's attack.
The entropy weaver hits you.
* * * LOW HITPOINT WARNING * * *
The entropy weaver misses you. You block the entropy weaver's attack.
The entropy weaver hits you but does no damage.
You feel much better. You block the entropy weaver's attack.
The entropy weaver hits you.
The entropy weaver hits you but does no damage.
The entropy weaver misses you.
Unknown command.
Magic courses through your body. The iron giant casts a spell at you.
The iron shot hits you!!!
* * * LOW HITPOINT WARNING * * *
The iron giant casts a spell at you. The iron shot hits you!!
* * * LOW HITPOINT WARNING * * *
The stone giant hits you!
* * * LOW HITPOINT WARNING * * *
The entropy weaver hits you.
* * * LOW HITPOINT WARNING * * *
You block the entropy weaver's attack. The entropy weaver hits you.
* * * LOW HITPOINT WARNING * * *
You block the entropy weaver's attack.
The iron giant fires a harpoon shot at you.
The harpoon shot misses you.
The iron giant throws the iron giant at you!
You die...

▓▓▓▓▓▓▓▓▓▓▓
▓▓§C@C§..)..
▓▓.§§§B§.....
▓▓..CCC§D.....
▓▓..§.§§§....)C
▓▓.......C..†.).
▓▓.1C...CC....D.w
▓.§.1..........E.
▓▓)............†(
▓▓............))


You could see 4 iron giants, an iron dragon, a stone giant and an entropy
weaver.

Vanquished Creatures
  The ghost of Dwachs the Conqueror, a legendary DrIE of Vehumet (Zig:9)
  The ghost of Ygonacw the Petrodigitator, a legendary GrEE of Vehumet (Zig:9)
  4 dread liches
  9 ancient liches
  Mara (Vaults:4)
  16 juggernauts
  2 royal mummies (Zig:10)
  2 shard shrikes (Zig:12)
  Boris (Depths:5)
  Frederick (Vaults:4)
  The ghost of ICC the Pyromancer, a legendary VSFi of Wu Jian (Zig:9)
  The ghost of Ongus the Brawler, a veteran TrEE of Sif Muna (Depths:5)
  Saint Roka (Snake:2)
  Xtahua (Vaults:2)
  7 caustic shrikes
  A pandemonium lord (Zig:16)
  6 profane servitors
  Jory (Vaults:3)
  the Enchantress (Depths:2)
  13 golden dragons
  A Brimstone Fiend (Zig:16)
  10 bone dragons
  An iron giant (Zig:15)
  5 Tzitzimimeh
  2 doom hounds (Zig:14)
  4 hellephants
  8 tentacled monstrosities
  5 Hell Sentinels
  Jorgrun (Snake:3)
  15 liches
  Rupert (Lair:6)
  A moon troll (WizLab)
  2 Ice Fiends (IceCv)
  2 deep elf blademasters
  6 deep elf master archers
  Asterion (Snake:2)
  6 quicksilver dragons
  13 tentacled starspawn
  9 titans
  15 acid blobs
  15 ancient champions
  An Executioner (Zig:16)
  12 sphinxes
  5 tengu reavers
  5 storm dragons
  Kirke (Elf:1)
  7 shadow dragons
  Donald (Vaults:4)
  2 thorn hunters
  2 draconian monks
  43 nagarajas
  Roxanne (Snake:2)
  6 rockslimes
  A fenstrider witch (Zig:12)
  28 revenants
  4 azure jellies
  4 draconian knights
  2 iron dragons
  14 deep elf sorcerers
  13 frost giants
  13 vault wardens
  14 orc warlords
  2 cacodemons
  3 fire giants
  A juggernaut zombie (Zig:14)
  The ghost of endorz the Severer, a journeyman MiBe of Trog (Orc:2)
  Aizul (Snake:2)
  A draconian shifter (Zig:6)
  20 ghost moths
  13 emperor scorpions
  A balrug (Zig:16)
  15 curse skulls
  10 ghouls
  Louise (D:15)
  8 reapers
  6 draconian annihilators
  8 deep elf elementalists
  14 ironbound preservers
  35 stone giants
  11 war gargoyles
  27 very ugly things
  A quicksilver ooze (shapeshifter) (Vaults:5)
  8 caustic shrike skeletons
  7 blood saints
  The ghost of Xplodonator the Hoplite, a journeyman MiBe of Trog (Snake:2)
  7 spriggan defenders
  2 corrupters
  7 quicksilver oozes
  28 vampire knights
  A juggernaut skeleton (Zig:14)
  21 deep elf demonologists
  3 green draconians
  Azrael (Elf:1)
  An entropy weaver (shapeshifter) (Zig:24)
  A lorocyproca (Zig:16)
  2 black suns
  19 deep elf annihilators
  11 spark wasps
  A white draconian (Zig:6)
  3 black draconians
  9 dire elephants
  5 purple draconians
  17 entropy weavers
  The ghost of Wuw Late the Geomancer, a journeyman GrEE of Vehumet (Lair:2)
  A merfolk javelineer (Zig:9)
  5 mummy priests
  4 crystal guardians
  11 eleionomae
  2 shambling mangroves
  3 fire dragons
  Snorg (Lair:4)
  4 blizzard demons
  10 deep elf death magi
  3 green deaths
  30 jiangshi
  11 eidola
  11 ettins
  A merfolk impaler (Zig:9)
  13 yaktaur captains
  13 deep elf high priests
  8 ironbound thunderhulks
  9 ice dragons
  9 great orbs of eyes
  Erolcha (D:12)
  4 salamander tyrants
  27 vault guards
  33 naga warriors
  2 quicksilver dragon skeletons (Zig:14)
  3 peacekeepers
  27 hydras
  3 ogre magi
  6 ghost crabs
  The ghost of Gather the Convoker, a journeyman FeSu of Sif Muna (Snake:1)
  3 catoblepae
  A rakshasa (Depths:2)
  5 boulder beetles
  11 ironbound frosthearts
  5 death knights
  8 spriggan air magi
  An anaconda (shapeshifter) (Zig:24)
  A merfolk avatar (Zig:9)
  11 centaur warriors
  20 dancing weapons
  6 deep troll shamans
  4 merfolk aquamancers
  A satyr (Zig:9)
  3 death scarabs (Zig:10)
  17 anacondas
  4 tengu warriors
  3 two-headed ogres
  3 alligator snapping turtles
  10 deep troll earth magi
  23 vampire magi
  30 alligators
  A titan zombie (Zig:12)
  12 thrashing horrors
  19 naga sharpshooters
  8 death yaks (Depths:2)
  8 ironbound beastmasters
  18 orc high priests
  12 spriggan berserkers
  8 naga ritualists
  Urug (D:11)
  13 shock serpents
  An iron golem (Zig:15)
  A shock serpent (shapeshifter) (Zig:24)
  Nergalle (Lair:1)
  Sonja (D:11)
  12 hell knights
  7 shadow wraiths
  12 deep elf knights
  12 soul eaters
  A sun demon (Zig:10)
  A storm dragon skeleton (Zig:10)
  2 sixfirhies
  15 iron trolls
  8 goliath frogs
  22 skeletal warriors
  15 spriggan druids
  17 wretched stars
  28 flayed ghosts
  45 deep trolls
  5 orange crystal statues
  A shadow demon (Zig:20)
  3 spatial maelstroms
  A golden dragon zombie (Zig:14)
  4 sea snakes
  8 glowing orange brains
  2 gelid demonspawn (Orc:2)
  6 obsidian statues
  10 salamander mystics
  25 ironbound convokers
  A tengu zombie (Zig:14)
  13 deep elf archers
  11 swamp dragons
  An infernal demonspawn (Orc:2)
  A ghost moth zombie (Crypt:1)
  12 bog bodies
  18 wizards
  3 mana vipers (shapeshifter)
  30 deep elf pyromancers
  14 phantasmal warriors
  3 golden dragon skeletons
  A frost giant zombie (Zig:14)
  13 mana vipers
  38 deep elf zephyrmancers
  A fire giant zombie (Zig:12)
  15 harpies
  22 orc knights
  6 shining eyes
  An oklob plant (Lair:3)
  25 orb spiders
  5 manticores
  17 lindwurms
  A sphinx zombie (Zig:14)
  8 necromancers
  5 fauns
  A shining eye (shapeshifter) (Zig:1)
  8 cyclopes
  4 will-o-the-wisps
  A spectral fire dragon (Crypt:3)
  21 orc sorcerers
  A worldbinder (Snake:2)
  39 salamanders
  A wolf spider (shapeshifter) (Zig:24)
  A stone giant zombie (Crypt:1)
  23 wolf spiders
  31 ugly things
  14 moths of wrath
  A faun (shapeshifter) (Zig:24)
  17 large abominations
  24 elephants (Lair:6)
  A rust devil (Orc:2)
  A merfolk siren (Zig:9)
  20 vault sentinels
  64 black mambas
  A frost giant skeleton (Crypt:2)
  18 guardian serpents
  A water nymph (Zig:9)
  2 guardian serpents (shapeshifter)
  2 human skeletons
  44 naga magi
  5 ice statues
  9 torpor snails
  3 apocalypse crabs
  An alligator snapping turtle zombie (Crypt:1)
  6 smoke demons
  Maggie (Lair:2)
  3 molten gargoyles (Lair:6)
  8 cane toads
  9 eyes of devastation
  6 gargoyles
  A titan simulacrum (Crypt:3)
  6 hellions
  An orange demon (Zig:16)
  7 tormentors
  A rime drake (Lair:6)
  Psyche (D:12)
  2 efreet
  17 komodo dragons
  8 unseen horrors
  9 freezing wraiths
  16 ice devils
  19 demonic crawlers
  28 yaktaurs
  A spriggan skeleton (Zig:14)
  2 ancient zymes (Zig:22)
  10 guardian mummies
  15 jumping spiders
  3 silent spectres
  4 hellwings
  12 trolls
  8 tengu conjurers
  A red devil (Orc:2)
  A queen bee (D:9)
  2 queen bees (shapeshifter)
  2 polar bears
  A wind drake (Zig:9)
  4 bloated husks
  A harpy skeleton (Crypt:2)
  35 hornets
  5 merfolk (Zig:9)
  A meliai zombie (Crypt:2)
  10 tyrant leeches
  Grinder (Temple)
  5 blink frogs
  Prince Ribbit (D:5)
  4 dream sheep
  4 raiju
  A dream sheep (shapeshifter) (Vaults:5)
  4 snapping turtles
  A fire giant simulacrum (Vaults:2)
  63 flying skulls
  A spriggan zombie (Zig:5)
  A centaur simulacrum (D:14)
  63 slime creatures
  23 starcursed masses
  3 air elementals
  13 water elementals
  53 spriggans
  15 wraiths
  5 ynoxinuls
  2 elf zombies
  16 tarantellas
  2 yaks (shapeshifter)
  16 redbacks
  13 wyverns
  50 yaks
  3 shadows
  A human (shapeshifter) (Vaults:5)
  3 ushabtiu
  5 fire elementals
  A hog (shapeshifter) (Depths:5)
  3 hogs (Elf:1)
  8 basilisks
  4 steam dragons
  Eustachio (Temple)
  3 vampire mosquitoes (Swamp:3)
  A human simulacrum (Vaults:2)
  10 neqoxecs
  Edmund (D:5)
  5 golden eyes
  8 chaos spawn
  Menkaure (D:4)
  3 spatial vortices (Zig:22)
  A swamp worm (shapeshifter) (Vaults:2)
  9 wargs
  A naga (shapeshifter) (Depths:5)
  An infernal demonspawn zombie (Crypt:3)
  19 swamp worms
  A torturous demonspawn zombie (Crypt:1)
  65 nagas
  2 acid dragons
  3 human zombies
  3 floating eyes
  7 hell hounds
  38 water moccasins
  13 swamp drakes
  68 orc warriors
  Purgy (Sewer)
  A black bear (D:6)
  3 sky beasts
  An ettin simulacrum (Zig:5)
  10 necrophages
  A hornet zombie (D:8)
  13 ogres
  11 centaurs
  31 wolves
  A dream sheep skeleton (Crypt:1)
  2 kobold brigands
  9 bullfrogs
  A scorpion (D:4)
  A draconian skeleton (Crypt:2)
  A merfolk simulacrum (Crypt:3)
  6 earth elementals
  A wyvern zombie (D:7)
  3 gnoll sergeants
  A water moccasin skeleton (D:6)
  33 killer bees
  3 wights (D:6)
  An electric eel (Snake:2)
  4 howler monkeys
  A troll skeleton (Crypt:2)
  5 lava snakes (Lair:6)
  A jelly (D:5)
  4 centaur zombies
  42 orc priests
  Crazy Yiuf (D:4)
  4 hounds
  A centaur skeleton (D:7)
  An iguana (D:4)
  Natasha (thrice) (D:2)
  21 orc wizards
  10 small abominations
  A hell rat (Zig:8)
  A naga zombie (Crypt:1)
  12 mummies
  A howler monkey zombie (D:9)
  Robin (D:1)
  24 adders
  22 gnolls
  2 howler monkey skeletons (D:7)
  A river rat (D:4)
  5 shadow imps
  11 white imps
  9 ufetubi
  3 adder skeletons
  A worm (D:4)
  A dart slug (D:5)
  103 orcs
  7 ball pythons
  A ball python (shapeshifter) (Vaults:5)
  A bat (Sewer)
  7 endoplasms
  3 giant cockroaches
  10 goblins
  8 hobgoblins
  11 jackals
  16 kobolds
  A quokka (shapeshifter) (Vaults:5)
  5 quokkas
  2 frilled lizards
  A gnoll skeleton (Crypt:1)
  A kobold zombie (Crypt:2)
  9 rats
  5 blocks of ice (Zig:14)
  22 fire vortices
  7 plants
  12 starspawn tentacles
3603 creatures vanquished.

Vanquished Creatures (collateral kills)
  An acid blob (Zig:18)
  A starcursed mass (Zig:22)
  A corrupter (Zig:16)
  A rakshasa (Zig:22)
  A vampire mage (Zig:3)
  A large abomination (Zig:2)
  2 eyes of devastation (Zig:18)
  A slime creature (Zig:18)
  A block of ice (Zig:7)
10 creatures vanquished.

Vanquished Creatures (others)
  A golden dragon (Zig:24)
  An iron giant (Zig:15)
  An Executioner (Zig:10)
  A shambling mangrove (Zig:12)
  A thrashing horror (Zig:22)
  A mana viper (Snake:1)
  A deep elf pyromancer (Zig:21)
  A deep elf zephyrmancer (Elf:2)
  A black mamba (Snake:1)
  A small abomination (Abyss:2)
  An ufetubus (IceCv)
  4 blocks of ice (Zig:9)
  7 demonic plants (WizLab)
  49 fire vortices
  7 foxfires
  45 fungi
  106 plants
  11 starspawn tentacles
240 creatures vanquished.

Grand Total: 3853 creatures vanquished

Notes
Turn   | Place    | Note
-------+----------+-------------------------------------------
     0 | D:1      | fliflo the Gargoyle Earth Elementalist began the quest for
                  | the Orb.
     0 | D:1      | Reached XP level 1. HP: 10/10 MP: 3/3
   249 | D:1      | Reached XP level 2. HP: 14/15 MP: 5/5
   850 | D:2      | Reached XP level 3. HP: 14/19 MP: 1/6
   854 | D:2      | Learned a level 3 spell: Stone Arrow
  1174 | D:2      | Reached skill level 1 in Conjurations
  1298 | D:2      | Noticed Natasha
  1306 | D:2      | Killed Natasha
  1307 | D:2      | Reached XP level 4. HP: 20/24 MP: 3/8
  1358 | D:2      | Noticed Natasha
  1361 | D:2      | Killed Natasha
  1362 | D:2      | Reached skill level 5 in Earth Magic
  1367 | D:2      | Noticed Natasha
  1371 | D:2      | Killed Natasha
  1372 | D:2      | Reached XP level 5. HP: 25/28 MP: 2/9
  1381 | D:2      | Learned a level 5 spell: Lee's Rapid Deconstruction
  1547 | D:2      | Noticed Robin
  2157 | D:1      | Killed Robin
  2731 | D:3      | Found a faded altar of an unknown god.
  2916 | D:3      | Reached XP level 6. HP: 32/32 MP: 11/11
  3726 | D:4      | Found a glowing drain.
  3735 | Sewer    | Entered a sewer
  3956 | Sewer    | Noticed Purgy
  3959 | Sewer    | Killed Purgy
  3960 | Sewer    | Reached XP level 7. HP: 36/36 MP: 4/13
  4571 | D:4      | Noticed a yak
  4574 | D:4      | Noticed a yak
  4578 | D:4      | Noticed a yak
  4607 | D:3      | Killed a yak
  4844 | D:3      | Killed a yak
  4845 | D:3      | Reached skill level 1 in Fighting
  4845 | D:3      | Reached skill level 1 in Maces & Flails
  4845 | D:3      | Reached skill level 1 in Armour
  4849 | D:3      | Killed a yak
  4850 | D:3      | Reached XP level 8. HP: 18/44 MP: 4/15
  5074 | D:4      | Noticed Menkaure
  5081 | D:4      | Killed Menkaure
  5082 | D:4      | Reached skill level 2 in Fighting
  5082 | D:4      | Reached skill level 5 in Spellcasting
  5213 | D:4      | Found a hide-covered altar of Uskayaw.
  5361 | D:4      | Found an iron altar of Okawaru.
  5412 | D:4      | Found a runed translucent door.
  5413 | D:4      | Noticed Crazy Yiuf
  5417 | D:4      | Killed Crazy Yiuf
  5492 | D:5      | Entered Level 5 of the Dungeon
  5541 | D:5      | Noticed Prince Ribbit
  5542 | D:5      | Found a staircase to the Ecumenical Temple.
  5546 | D:5      | Killed Prince Ribbit
  5558 | Temple   | Entered the Ecumenical Temple
  5612 | Temple   | Became a worshipper of Vehumet
  5645 | D:5      | Reached skill level 5 in Conjurations
  5660 | D:5      | Noticed Grinder
  5687 | D:5      | Noticed Eustachio
  5858 | Temple   | Killed Eustachio
  5894 | Temple   | Reached skill level 3 in Fighting
  5894 | Temple   | Reached XP level 9. HP: 48/50 MP: 12/17
  5911 | D:5      | Paralysed by Grinder for 4 turns
  5919 | Temple   | Killed Grinder
  6506 | D:5      | Noticed Edmund
  6511 | D:5      | Killed Edmund
  6593 | D:5      | Found a stormy altar of Qazlal.
  7166 | D:6      | Reached * piety under Vehumet
  7166 | D:6      | Offered knowledge of Magic Dart by Vehumet.
  7170 | D:6      | Reached skill level 4 in Fighting
  7831 | D:7      | Reached XP level 10. HP: 41/58 MP: 19/19
  7841 | D:7      | Noticed a cyclops
  7858 | D:7      | Offered knowledge of Static Discharge by Vehumet.
  7883 | D:7      | Killed a cyclops
  7883 | D:7      | Reached ** piety under Vehumet
  8507 | D:7      | Found a burning altar of Makhleb.
  8533 | D:7      | Reached skill level 5 in Armour
  8880 | D:8      | Reached skill level 5 in Fighting
  9087 | D:8      | Found a staircase to the Lair.
  9340 | D:8      | Offered knowledge of Inner Flame by Vehumet.
  9341 | D:8      | Reached skill level 5 in Maces & Flails
  9689 | D:8      | Paralysed by an orc wizard for 2 turns
  9696 | D:8      | Paralysed by something for 6 turns
  9727 | D:8      | Identified a scroll of acquirement
  9727 | D:8      | Acquired a book of the Earth
  9738 | D:8      | Learned a level 6 spell: Iron Shot
  9744 | D:8      | Learned a level 5 spell: Bolt of Magma
 10025 | D:8      | Found a blossoming altar of Fedhas.
 10315 | D:9      | Reached *** piety under Vehumet
 10582 | D:9      | Reached XP level 11. HP: 51/64 MP: 17/21
 10586 | D:9      | Offered knowledge of Hailstorm by Vehumet.
 10587 | D:9      | Reached skill level 6 in Fighting
 10594 | D:9      | Reached skill level 5 in Dodging
 11020 | D:9      | Found a hazy altar of Hepliaklqana.
 11021 | D:9      | Found a shimmering altar of Xom.
 11112 | D:10     | Entered Level 10 of the Dungeon
 11112 | D:10     | Noticed a two-headed ogre
 11117 | D:9      | Killed a two-headed ogre
 11210 | D:10     | Found a transporter.
 11212 | D:10     | Noticed PonderousOgre's ghost (journeyman FoEE)
 11242 | D:10     | Reached **** piety under Vehumet
 11721 | D:10     | Found a transporter.
 11757 | D:10     | Identified the ring of Xeiriwn {rElec Dex+6 Stlth+}
 11836 | D:10     | You fall into a shaft and drop 1 floor!
 11841 | D:11     | Noticed a cyclops
 11913 | D:10     | Found a shadowy altar of Dithmenos.
 11913 | D:10     | Found a glowing silver altar of Zin.
 12042 | D:10     | Offered knowledge of Conjure Flame by Vehumet.
 12201 | D:10     | Found a staircase to the Orcish Mines.
 12352 | D:11     | Killed a cyclops
 12353 | D:11     | Reached skill level 10 in Earth Magic
 12577 | D:11     | You fall into a shaft and drop 1 floor!
 12848 | D:11     | Reached skill level 7 in Fighting
 13068 | D:11     | Found an opulent altar of Gozag.
 13081 | D:11     | Noticed a manticore
 13089 | D:11     | Killed a manticore
 13260 | D:11     | Noticed Urug
 13269 | D:11     | Killed Urug
 13499 | D:11     | Noticed a boulder beetle
 13515 | D:11     | Killed a boulder beetle
 13516 | D:11     | Reached XP level 12. HP: 31/72 MP: 7/23
 13704 | D:11     | Noticed Sonja
 13713 | D:11     | Killed Sonja
 14682 | D:12     | Noticed Erolcha
 14682 | D:12     | Noticed a seven-headed hydra
 14688 | D:12     | Killed a seven-headed hydra
 14689 | D:12     | Killed Erolcha
 14845 | D:12     | Reached skill level 8 in Fighting
 14962 | D:12     | Reached ***** piety under Vehumet
 14962 | D:12     | Offered knowledge of Eringya's Noxious Bog by Vehumet.
 14993 | D:12     | Noticed a tengu warrior
 15002 | D:12     | Killed a tengu warrior
 15420 | D:12     | Noticed Psyche
 15422 | D:12     | Killed Psyche
 15559 | D:12     | Noticed a two-headed ogre
 15563 | D:12     | Killed a two-headed ogre
 15719 | D:13     | Noticed a yaktaur captain
 15722 | D:13     | Killed a yaktaur captain
 15871 | D:13     | Found a gate to the Vaults.
 15937 | D:13     | Reached XP level 13. HP: 77/79 MP: 19/25
 15993 | D:13     | Gained mutation: You are weak. (Str -2) [potion of
                  | mutation]
 15993 | D:13     | Gained mutation: Your skin changes colour to match your
                  | surroundings (Stealth+). [potion of mutation]
 15993 | D:13     | Lost mutation: Your skin changes colour to match your
                  | surroundings (Stealth+). [potion of mutation]
 16785 | D:13     | Reached skill level 10 in Conjurations
 17094 | D:14     | Reached skill level 9 in Fighting
 17770 | D:14     | Found a sacrificial altar of Ru.
 18022 | Lair:1   | Entered Level 1 of the Lair of Beasts
 18964 | Lair:1   | Offered knowledge of Fireball by Vehumet.
 19031 | Lair:1   | Noticed Nergalle
 19042 | Lair:1   | Killed Nergalle
 19135 | Lair:1   | Reached skill level 1 in Fire Magic
 19833 | Lair:2   | Identified the +2 leather armour "Lojium" {rN+ Dex+4
                  | Stlth+}
 19857 | Lair:2   | Noticed Maggie
 19863 | Lair:2   | Reached skill level 1 in Evocations
 19867 | Lair:2   | Killed Maggie
 20197 | Lair:2   | Found a runed translucent door.
 20545 | Lair:2   | Noticed Wuw Late's ghost (journeyman GrEE)
 20568 | Lair:2   | Killed Wuw Late's ghost
 21131 | Lair:3   | Learned a level 5 spell: Fireball
 21238 | Lair:3   | Gained mutation: Your large and strong wings let you fly.
                  | [Gargoyle growth]
 21238 | Lair:3   | Reached XP level 14. HP: 84/87 MP: 27/27
 22574 | Lair:4   | Found a staircase to the Snake Pit.
 23275 | Lair:4   | Offered knowledge of Orb of Destruction by Vehumet.
 23337 | Lair:4   | Reached skill level 10 in Fighting
 23467 | Lair:4   | Noticed Snorg
 23481 | Lair:4   | Killed Snorg
 24310 | Lair:4   | Found a staircase to the Swamp.
 24687 | Lair:5   | Found a dark tunnel.
 24698 | Volcano  | Entered a volcano
 25048 | Volcano  | Found a bloodstained altar of Trog.
 25284 | Volcano  | Reached skill level 5 in Fire Magic
 26588 | Lair:5   | Reached skill level 10 in Spellcasting
 27084 | Lair:5   | Found a viscous altar of Jiyva.
 27084 | Lair:5   | Found a staircase to the Slime Pits.
 27161 | Lair:6   | Entered Level 6 of the Lair of Beasts
 27166 | Lair:6   | Upgraded the game from 0.27-a0-1220-g54dba09ff7 to
                  | 0.27-a0-1230-gfc7c993222
 27454 | Lair:6   | Reached XP level 15. HP: 57/93 MP: 29/29
 27707 | Lair:6   | Offered knowledge of Spellforged Servitor by Vehumet.
 28910 | Lair:6   | Noticed Rupert
 28937 | Lair:6   | Killed Rupert
 29465 | Lair:6   | Found a large runed translucent door.
 29473 | Lair:6   | Found a large runed translucent door.
 29544 | Lair:6   | Reached skill level 10 in Maces & Flails
 30667 | Orc:1    | Entered Level 1 of the Orcish Mines
 30682 | Orc:1    | Found Fesoshru's Book Emporium.
 30689 | Orc:1    | Found Jeox's Book Shop.
 30694 | Orc:1    | Bought a book of the Tempests for 770 gold pieces
 30707 | Orc:1    | Found Gouthiob's Distillery.
 30710 | Orc:1    | Bought a potion of brilliance for 64 gold pieces
 30710 | Orc:1    | Bought a potion of resistance for 160 gold pieces
 30710 | Orc:1    | Bought a potion of might for 64 gold pieces
 30710 | Orc:1    | Bought a potion of might for 64 gold pieces
 30710 | Orc:1    | Bought a potion of heal wounds for 80 gold pieces
 30710 | Orc:1    | Bought a potion of heal wounds for 80 gold pieces
 30791 | Orc:1    | Learned a level 8 spell: Ignition
 30799 | Orc:2    | Entered Level 2 of the Orcish Mines
 30944 | Orc:1    | Found Atiwexe's Magic Scroll Boutique.
 30957 | Orc:1    | Bought a scroll of blinking for 97 gold pieces
 31265 | Orc:1    | Offered knowledge of Freezing Cloud by Vehumet.
 31803 | Orc:2    | Found Liemuer's Distillery.
 31805 | Orc:2    | Found Wejumar's Distillery.
 32205 | Orc:2    | Bought a potion of heal wounds for 60 gold pieces
 32205 | Orc:2    | Bought 2 potions of curing for 72 gold pieces
 32205 | Orc:2    | Bought a potion of curing for 36 gold pieces
 32205 | Orc:2    | Bought a potion of heal wounds for 60 gold pieces
 32205 | Orc:2    | Bought a potion of magic for 96 gold pieces
 32205 | Orc:2    | Bought a potion of haste for 120 gold pieces
 32207 | Orc:2    | Bought a potion of heal wounds for 55 gold pieces
 32207 | Orc:2    | Bought a potion of curing for 33 gold pieces
 32207 | Orc:2    | Bought a potion of heal wounds for 55 gold pieces
 32207 | Orc:2    | Bought a potion of curing for 33 gold pieces
 32207 | Orc:2    | Bought a potion of curing for 33 gold pieces
 32207 | Orc:2    | Bought a potion of mutation for 88 gold pieces
 32207 | Orc:2    | Lost mutation: You are weak. (Str -2) [potion of mutation]
 32207 | Orc:2    | Gained mutation: You have very sharp teeth. [potion of
                  | mutation]
 32613 | Orc:2    | Found a staircase to the Elven Halls.
 32632 | Orc:2    | Found a runed translucent gate.
 32632 | Orc:2    | Noticed endorz's ghost (journeyman MiBe)
 32633 | Orc:2    | Found a runed translucent gate.
 32634 | Orc:2    | Identified the ring "Opokarek" {+Blink rPois Str+3 Int+7
                  | Slay+4}
 32635 | Orc:2    | Found a runed translucent gate.
 32684 | Orc:2    | Killed endorz's ghost
 32840 | Orc:2    | Reached skill level 10 in Fire Magic
 32852 | Orc:2    | Reached XP level 16. HP: 46/99 MP: 17/30
 33150 | Orc:2    | Found Sarec's Book Boutique.
 33150 | Orc:2    | Found Zooraera's Antique Weapon Shop.
 33150 | Orc:2    | Found a one-way gate leading to the halls of Pandemonium.
 33770 | Orc:2    | Offered knowledge of Yara's Violent Unravelling by Vehumet.
 34099 | Orc:2    | Bought a potion of mutation for 88 gold pieces
 34099 | Orc:2    | Bought a potion of mutation for 88 gold pieces
 34101 | Orc:2    | Lost mutation: You have very sharp teeth. [potion of
                  | mutation]
 34101 | Orc:2    | Gained mutation: You have a pair of small antennae on your
                  | head. [potion of mutation]
 34101 | Orc:2    | Gained mutation: You are covered in fur. (AC +1) [potion of
                  | mutation]
 34102 | Orc:2    | Lost mutation: You are covered in fur. (AC +1) [potion of
                  | mutation]
 34102 | Orc:2    | Gained mutation: Your magical capacity is low. (-10% MP)
                  | [potion of mutation]
 34102 | Orc:2    | Gained mutation: You are partially covered in iridescent
                  | scales. (AC +2) [potion of mutation]
 34102 | Orc:2    | Gained mutation: You are agile. (Dex +2) [potion of
                  | mutation]
 34102 | Orc:2    | Gained mutation: Your muscles are strong. (Str +2) [potion
                  | of mutation]
 34290 | D:15     | Entered Level 15 of the Dungeon
 34616 | D:15     | Found Yfuttiv's Jewellery Boutique.
 34671 | D:15     | Identified the +0 tower shield of Sierif {rF+ rCorr Int+4
                  | Stlth+}
 34671 | D:15     | Noticed Louise
 34674 | D:15     | Cast into level 2 of the Abyss (Louise)
 34802 | Abyss:2  | Noticed a tentacled starspawn
 34816 | Abyss:2  | Killed a tentacled starspawn
 35060 | Abyss:2  | Noticed a tentacled starspawn
 35065 | Abyss:2  | Killed a tentacled starspawn
 35174 | D:15     | Escaped the Abyss
 35188 | D:15     | Killed Louise
 35581 | D:15     | Found a shimmering altar of Xom.
 35582 | D:15     | Found a shimmering altar of Xom.
 35587 | D:15     | Found a shimmering altar of Xom.
 35590 | D:15     | Found a shimmering altar of Xom.
 35591 | D:15     | Found a shimmering altar of Xom.
 35591 | D:15     | Found a shimmering altar of Xom.
 35592 | D:15     | Found a shimmering altar of Xom.
 35594 | D:15     | Found a shimmering altar of Xom.
 35927 | D:15     | Found a staircase to the Depths.
 36366 | Snake:1  | Entered Level 1 of the Snake Pit
 36824 | Snake:1  | Identified the +2 short sword "Eshrenk" {speed, Fragile
                  | rF+++ Int+6}
 37763 | Snake:1  | Noticed Gather's ghost (journeyman FeSu)
 37775 | Snake:1  | Found a runed translucent gate.
 37775 | Snake:1  | Found a runed translucent gate.
 37777 | Snake:1  | Found a runed translucent gate.
 37806 | Snake:1  | Killed Gather's ghost
 38041 | Snake:1  | Reached XP level 17. HP: 28/104 MP: 8/28
 38721 | Snake:2  | Reached skill level 15 in Fire Magic
 38759 | Snake:2  | Noticed Aizul
 38779 | Snake:2  | Killed Aizul
 38806 | Snake:2  | Found a frozen archway.
 38817 | IceCv    | Entered an ice cave
 39244 | IceCv    | Found the +0 pair of fencer's gloves {Riposte Dex+3}
 39543 | IceCv    | Noticed an Ice Fiend
 39555 | IceCv    | Killed an Ice Fiend
 39900 | IceCv    | Noticed an Ice Fiend
 39906 | IceCv    | Killed an Ice Fiend
 40023 | Snake:2  | Noticed Asterion
 40032 | Snake:2  | Killed Asterion
 40141 | Snake:2  | Found a sacrificial altar of Ru.
 40299 | Snake:2  | Found a one-way gate to the infinite horrors of the Abyss.
 40299 | Snake:2  | Noticed Xplodonator's ghost (journeyman MiBe)
 40300 | Snake:2  | Noticed a tentacled starspawn
 40327 | Snake:2  | Noticed Saint Roka
 40701 | Snake:2  | Identified Roxanne's Compendium of the Mountains
 40701 | Snake:2  | Noticed Roxanne
 40707 | Snake:2  | Killed Roxanne
 40804 | Snake:2  | Reached ****** piety under Vehumet
 40804 | Snake:2  | Offered knowledge of Starburst by Vehumet.
 41487 | Snake:2  | Reached skill level 11 in Fighting
 41647 | Snake:2  | Reached skill level 1 in Shields
 42298 | Snake:2  | Killed Saint Roka
 42304 | Snake:2  | Killed Xplodonator's ghost
 42309 | Snake:2  | Reached XP level 18. HP: 62/110 MP: 10/29
 42391 | Snake:2  | Noticed a hellephant
 42393 | Snake:2  | Reached skill level 5 in Evocations
 42594 | Snake:2  | Killed a hellephant
 42874 | Snake:2  | Found a transporter.
 42878 | Snake:2  | Found a transporter.
 44205 | Snake:3  | Noticed Jorgrun
 44210 | Snake:3  | Killed Jorgrun
 44970 | Snake:3  | Reached skill level 15 in Earth Magic
 44970 | Snake:3  | Reached XP level 19. HP: 115/115 MP: 30/30
 45347 | Snake:4  | Entered Level 4 of the Snake Pit
 45513 | Snake:4  | Offered knowledge of Lehudib's Crystal Spear by Vehumet.
 45513 | Snake:4  | Offered knowledge of Fire Storm by Vehumet.
 45513 | Snake:4  | Offered knowledge of Absolute Zero by Vehumet.
 45609 | Swamp:1  | Entered Level 1 of the Swamp
 46297 | Swamp:1  | Found a hide-covered altar of Uskayaw.
 46981 | Swamp:2  | Reached XP level 20. HP: 121/121 MP: 31/31
 47127 | Swamp:2  | Lost mutation: Your magical capacity is low. (-10% MP)
                  | [potion of mutation]
 47127 | Swamp:2  | Lost mutation: Your muscles are strong. (Str +2) [potion of
                  | mutation]
 47127 | Swamp:2  | Lost mutation: You are partially covered in iridescent
                  | scales. (AC +2) [potion of mutation]
 47127 | Swamp:2  | Gained mutation: You are robust. (+10% HP) [potion of
                  | mutation]
 47127 | Swamp:2  | Gained mutation: You are partially covered in iridescent
                  | scales. (AC +2) [potion of mutation]
 47127 | Swamp:2  | Gained mutation: Your muscles are strong. (Str +2) [potion
                  | of mutation]
 47643 | Swamp:3  | Reached skill level 12 in Fighting
 48317 | Swamp:4  | Entered Level 4 of the Swamp
 49035 | Swamp:4  | Got a decaying rune of Zot
 50060 | D:15     | Bought the amulet of Nepouxi {RegenMP Regen+ Str+2} for 412
                  | gold pieces
 51304 | Snake:4  | Reached skill level 10 in Dodging
 51599 | Snake:4  | Reached XP level 21. HP: 122/140 MP: 36/36
 51863 | Snake:4  | Got a serpentine rune of Zot
 52846 | Vaults:1 | Entered Level 1 of the Vaults
 52990 | Vaults:1 | Found a magical portal.
 53002 | WizLab   | Entered Lehudib's Moon Base
 53106 | WizLab   | Found a transporter.
 53356 | WizLab   | Reached skill level 13 in Fighting
 53858 | WizLab   | Found a transporter.
 54153 | WizLab   | Reached XP level 22. HP: 69/148 MP: 38/38
 54247 | WizLab   | Identified the amulet "Lodurgh" {Spirit Rampage}
 54250 | WizLab   | Identified the +0 ring mail "Keth" {rF+ Int+3}
 54889 | Vaults:1 | Identified the +2 robe "Limeluis" {rN+ Str+3 Slay+4}
 54892 | Vaults:1 | Identified the +2 hat of Syndicalism {rN+}
 54929 | Vaults:1 | Found a radiant altar of Vehumet.
 55643 | Vaults:2 | Found a staircase to the Crypt.
 55643 | Vaults:2 | Found an ancient bone altar of Kikubaaqudgha.
 55644 | Vaults:2 | Found a basalt altar of Yredelemnul.
 56049 | Vaults:2 | Noticed Xtahua
 56052 | Vaults:2 | Paralysed by Xtahua for 4 turns
 56059 | Vaults:2 | Killed Xtahua
 56228 | Vaults:2 | Found Rourulek's Magic Scroll Shop.
 56258 | Vaults:2 | Bought a scroll of blinking for 112 gold pieces
 56455 | Vaults:2 | Learned a level 9 spell: Shatter
 57121 | Elf:1    | Entered Level 1 of the Elven Halls
 57194 | Elf:1    | Found a radiant altar of Vehumet.
 57196 | Elf:1    | Noticed Kirke
 57202 | Elf:1    | Killed Kirke
 57395 | Elf:1    | Reached XP level 23. HP: 155/155 MP: 39/39
 57644 | Elf:1    | Identified Omuad's Incunabulum of Creation
 58090 | Elf:1    | Noticed Azrael
 58103 | Elf:1    | Killed Azrael
 58200 | Elf:1    | Found the +9 scales of the Dragon King {rPois rF+ rC+
                  | Will+}
 58330 | Elf:2    | Reached skill level 14 in Fighting
 58483 | Elf:2    | Found an ancient bone altar of Kikubaaqudgha.
 58486 | Elf:2    | Identified the +0 pair of gloves of Hangman {rPois rCorr
                  | Dex-4}
 58541 | Elf:2    | Found a bloodstained altar of Trog.
 58671 | Elf:2    | Found a radiant altar of Vehumet.
 58928 | Elf:2    | Found a runed translucent gate.
 58929 | Elf:2    | Found a runed translucent gate.
 58930 | Elf:2    | Found a runed translucent gate.
 58981 | Elf:3    | Entered Level 3 of the Elven Halls
 59060 | Elf:3    | Found Beget's Weapon Shoppe.
 59404 | Elf:3    | Identified the +1 quarterstaff "Jitifox" {protect, rElec
                  | rPois rF- Stlth+}
 59549 | Elf:3    | Identified the +6 lajatang of the Hummingbird {drain, *Rage
                  | rCorr Str+6 Dex+2}
 59938 | Elf:3    | Identified the +11 executioner's axe of the Unliving
                  | {drain, Int+6 Dex-2}
 60062 | Elf:3    | Identified Guliqis's Reference Book on the Ashen Glacier
 60077 | Elf:3    | Identified the Papyrus of the Noxious Arsonist
 60091 | Elf:3    | Found the +8 Vampire's Tooth {vamp}
 60097 | Elf:3    | Found the ring of the Mage {Wiz Will++ Int+3}
 60100 | Elf:3    | Identified the +0 chain mail of the Flute {Will+}
 60104 | Elf:3    | Identified the Grimoire of Flying Cold
 60110 | Elf:3    | Identified the +0 spear of Gozag's Inspiration {drain, rN++
                  | Int+7}
 60111 | Elf:3    | Identified the +0 hand axe "Qeofo" {flame, rPois Str+6
                  | Dex-5 Stlth+}
 60466 | Vaults:3 | Reached skill level 15 in Conjurations
 60554 | Vaults:3 | Reached skill level 10 in Evocations
 60674 | Vaults:3 | Reached XP level 24. HP: 146/162 MP: 40/40
 60794 | Vaults:3 | Noticed Jory
 60813 | Vaults:3 | Killed Jory
 61348 | Vaults:3 | Paralysed by a sphinx for 7 turns
 62774 | Vaults:2 | Bought a scroll of brand weapon for 300 gold pieces
 62785 | Vaults:2 | Bought a scroll of enchant weapon for 112 gold pieces
 62785 | Vaults:2 | Bought a scroll of enchant weapon for 112 gold pieces
 63149 | Vaults:4 | Noticed Frederick
 63161 | Vaults:4 | Killed Frederick
 63236 | Vaults:4 | Noticed Mara
 63240 | Vaults:4 | Noticed Donald
 63240 | Vaults:4 | Noticed fliflo's illusion
 63241 | Vaults:4 | Killed Mara
 63247 | Vaults:4 | Killed Donald
 63359 | Vaults:4 | Reached skill level 15 in Fighting
 63492 | Vaults:4 | Found a transporter.
 63536 | Vaults:4 | Found a transporter.
 64058 | Vaults:4 | Identified the ring "Ysex" {Fire Drain rN+ Will+ Int+2}
 64074 | Vaults:4 | Identified the ring "Lacle" {*Slow Str+6 Int+6}
 64151 | Vaults:5 | Entered Level 5 of the Vaults
 64160 | Vaults:5 | Reached XP level 25. HP: 171/171 MP: 38/40
 64160 | Vaults:5 | Paralysed by a sphinx for 2 turns
 64164 | Vaults:5 | Paralysed by a sphinx for 2 turns
 64436 | Vaults:5 | Noticed a dread lich
 64444 | Vaults:5 | Killed a dread lich
 64832 | Vaults:5 | Identified the +7 long sword of Qaor {venom, *Slow Int+5
                  | Dex+5}
 64916 | Vaults:5 | Identified the +8 scimitar of Generosity {flame, rC+ rCorr
                  | Str-5}
 64950 | Vaults:5 | Identified the +8 long sword of the Endless Allies {pain,
                  | rElec Int-5 Dex-5 Stlth+}
 65169 | Vaults:5 | Identified the +7 flail "Isikeh" {speed, Drain rC+ Str+2
                  | Int+3}
 65282 | Vaults:5 | Found the +9 heavy crossbow "Sniper" {vorpal, Acc+∞ SInv}
 65585 | Vaults:5 | Got a silver rune of Zot
 65825 | Crypt:1  | Entered Level 1 of the Crypt
 66286 | Crypt:1  | Reached XP level 26. HP: 166/167 MP: 41/41
 66340 | Crypt:1  | Identified the +0 helmet of the Devil's Team {rC++ Will+
                  | MP-9}
 66359 | Crypt:1  | You are sucked into a shaft and drop 1 floor!
 66775 | Crypt:2  | Reached skill level 16 in Fighting
 66837 | Crypt:2  | Learned a level 9 spell: Fire Storm
 67225 | Crypt:3  | Entered Level 3 of the Crypt
 67583 | Crypt:3  | Found a basalt altar of Yredelemnul.
 67591 | Crypt:3  | Reached skill level 15 in Maces & Flails
 67687 | Crypt:3  | Acquired 1300 gold pieces
 67986 | Crypt:3  | Found a staircase to the Tomb.
 68028 | Crypt:3  | Learned a level 8 spell: Necromutation
 68062 | Crypt:3  | Reached skill level 1 in Transmutations
 68200 | Crypt:3  | Upgraded the game from 0.27-a0-1230-gfc7c993222 to
                  | 0.27-a0-1242-ge70438ac7b
 68405 | Depths:1 | Entered Level 1 of the Depths
 68659 | Depths:1 | Reached skill level 1 in Necromancy
 68736 | Depths:1 | You are sucked into a shaft and drop 1 floor!
 68858 | Depths:2 | Identified the +6 giant club "Ipenenesou" {elec, Fragile
                  | rElec Int+6}
 68858 | Depths:2 | Identified the +6 giant club of Outrage {vorpal, Will+}
 68860 | Depths:2 | Noticed the Enchantress
 68863 | Depths:2 | Killed the Enchantress
 68864 | Depths:2 | Reached skill level 15 in Spellcasting
 68872 | Depths:2 | Reached XP level 27. HP: 162/187 MP: 31/42
 69841 | Depths:2 | Found a gateway to Hell.
 70018 | Depths:2 | Found a bloodstained altar of Trog.
 70603 | Depths:1 | Reached skill level 17 in Fighting
 70603 | Depths:1 | Reached skill level 5 in Transmutations
 70660 | Depths:1 | Found the +3 salamander hide armour {Flames rF++ rC--}
 72380 | Depths:4 | Found Yzacif Coe's Antique Weapon Boutique.
 72402 | Depths:4 | Noticed a juggernaut
 72415 | Depths:4 | Killed a juggernaut
 72419 | Depths:4 | Bought a warped great mace for 345 gold pieces
 72419 | Depths:4 | Identified the +7 great mace of Pain and Death {speed,
                  | rC+++ rN+ Str-2 Dex-4} (You bought it in a shop on level 4
                  | of the Depths)
 72423 | Depths:4 | Noticed a juggernaut
 72425 | Depths:5 | Entered Level 5 of the Depths
 72614 | Depths:4 | Reached skill level 5 in Necromancy
 72617 | Depths:4 | Killed a juggernaut
 72746 | Depths:4 | Identified the +2 quarterstaff of Change {vorpal, Dex+2}
 72804 | Depths:4 | Found a gateway to a ziggurat.
 73161 | Depths:4 | Found a portal to a secret trove of treasure.
 73715 | Depths:4 | You paid a toll of +3 shadow dragon scales to enter a
                  | treasure trove
 73716 | Trove    | Entered a treasure trove
 73733 | Trove    | Identified Sif Muna's Papyrus of Dusty Confrontation
 73768 | Trove    | Identified Sif Muna's Volume of Hurtful Earth
 73779 | Trove    | Identified the Disquisition on Mutagenic Black Rites
 73787 | Trove    | Identified Omyuvaveell's Collected Works on Damaging
                  | Transformation
 73792 | Trove    | Identified Sif Muna's Papyrus of Moulding and Heat
 73917 | Depths:5 | Found a large runed translucent door.
 73917 | Depths:5 | Found a large runed translucent door.
 73918 | Depths:5 | Noticed Ongus's ghost (veteran TrEE)
 73969 | Depths:5 | Killed Ongus's ghost
 74185 | Depths:5 | Noticed Boris
 74214 | Depths:5 | Killed Boris
 74755 | Depths:5 | Found a gate to the Realm of Zot.
 75515 | Zig:1    | Entered Level 1 of a ziggurat
 75534 | Zig:2    | Entered Level 2 of a ziggurat
 75598 | Zig:3    | Entered Level 3 of a ziggurat
 75617 | Zig:3    | Identified the Guide on the Creative Traveller
 75624 | Zig:3    | Identified the ring "Ater" {rN+ Str+4}
 75630 | Zig:3    | Reached skill level 10 in Transmutations
 75636 | Zig:4    | Entered Level 4 of a ziggurat
 75686 | Zig:5    | Entered Level 5 of a ziggurat
 75693 | Zig:5    | Reached skill level 18 in Fighting
 75721 | Zig:6    | Entered Level 6 of a ziggurat
 75741 | Zig:6    | Identified Bemmom's Incunabulum of Floating Companions
 75752 | Zig:7    | Entered Level 7 of a ziggurat
 75810 | Zig:7    | Identified the +2 long sword of Floods {vamp, Int+2}
 75824 | Zig:8    | Entered Level 8 of a ziggurat
 75849 | Zig:8    | Identified The Foundations of Magic
 75861 | Zig:9    | Entered Level 9 of a ziggurat
 75890 | Zig:9    | Identified the +11 halberd "Juvaff" {vamp, rPois rN+ Dex+3}
 75891 | Zig:9    | Identified the +6 morningstar "Lalong" {pain, Fragile rPois
                  | rF++ rC+}
 75900 | Zig:10   | Entered Level 10 of a ziggurat
 75908 | Zig:10   | Noticed a royal mummy
 75909 | Zig:10   | Noticed a royal mummy
 75911 | Zig:10   | Killed a royal mummy
 75913 | Zig:10   | Killed a royal mummy
 76010 | Zig:10   | Identified the +7 flail of Infinite Pain {flame, rF+ Dex+3}
 76016 | Zig:11   | Entered Level 11 of a ziggurat
 76079 | Zig:11   | Identified the +1 leather armour of the Wilderness {rElec
                  | rPois Dex+3}
 76083 | Zig:11   | Identified the amulet of the Foremost Knives {Spirit Harm
                  | *Slow rF+++}
 76087 | Zig:11   | Identified the ring of Gusoanne {rF- EV+4 Int+6}
 76092 | Zig:11   | Identified the +0 helmet of Anaesthesia {Harm *Slow rElec
                  | Str+4}
 76098 | Zig:12   | Entered Level 12 of a ziggurat
 76116 | Zig:12   | Found the +10 Black Knight's barding {ponderous, rPois rN+}
 76122 | Zig:12   | Identified the +12 flail of Ru's Delight {protect, +Rage
                  | rN+ Str-2 Stlth+}
 76135 | Zig:12   | Identified the +0 pair of gloves of Went {rPois rC+ Will+++
                  | Int-4}
 76141 | Zig:12   | Identified the +8 hunting sling "Woshec" {vorpal, rElec
                  | rPois Str-4 Int+4}
 76159 | Zig:13   | Entered Level 13 of a ziggurat
 76168 | Zig:13   | Found the +3 crown of Dyrovepreva {rElec Int+2 SInv}
 76170 | Zig:13   | Reached skill level 10 in Necromancy
 76195 | Zig:13   | Identified the amulet "Opruc" {Spirit Rampage Int+3}
 76202 | Zig:13   | Identified the +12 plate armour of Yfogiog {rF+ Str+2}
 76224 | Zig:13   | Identified the +3 chain mail of the Sea {-Tele rN+ Str+2}
 76227 | Zig:14   | Entered Level 14 of a ziggurat
 76238 | Zig:14   | Noticed an ancient lich
 76240 | Zig:14   | Reached skill level 15 in Dodging
 76240 | Zig:14   | Killed an ancient lich
 76244 | Zig:14   | Found the +8 whip "Snakebite" {curare, rPois}
 76265 | Zig:14   | Identified the +7 glaive of Yggeanuk {flame, Will+ Dex+2}
 76272 | Zig:14   | Identified the +6 broad axe "Nuurhist" {protect, rN+ MP-9
                  | Str+3}
 76279 | Zig:15   | Entered Level 15 of a ziggurat
 76294 | Zig:15   | Reached skill level 19 in Fighting
 76345 | Zig:15   | Found the macabre finger necklace {rN+}
 76346 | Zig:15   | Found the ring of the Hare {EV+8}
 76356 | Zig:15   | Identified the +0 plate armour of Lust {rPois}
 76359 | Zig:15   | Identified the Volume of Mutagenic Curses
 76369 | Zig:15   | Identified the +12 dire flail "Otagruol" {spect, rC+ rN+
                  | Dex+4 SInv}
 76371 | Zig:15   | Identified the +8 hand axe of the Final Decision {venom,
                  | rPois rF++ Str+2 Dex-2}
 76374 | Zig:15   | Identified the +5 fustibalus "Inuese" {venom, Drain rC+++
                  | rN+ rCorr}
 76393 | Zig:16   | Entered Level 16 of a ziggurat
 76411 | Zig:16   | Noticed Pese the pandemonium lord
 76414 | Zig:16   | Killed Pese the pandemonium lord
 76517 | Zig:16   | Identified the +3 helmet of Dice, Bag, and Bottle {rElec}
 76539 | Zig:16   | Identified the +2 war axe of Wuel {flame, rC+ rCorr}
 76543 | Zig:17   | Entered Level 17 of a ziggurat
 76589 | Zig:17   | Identified the +10 morningstar of Tomeg {vorpal, rN+}
 76598 | Zig:17   | Identified the ring of the Snail {rF+ rCorr Str-2 Dex+7
                  | SInv}
 76599 | Zig:17   | Identified the +8 broad axe "Unood" {flame, rC+ Will-
                  | Dex+6}
 76600 | Zig:17   | Identified the amulet "Vime" {Regen+ Dex+3}
 76608 | Zig:17   | Identified the +10 war axe of Righteous Fury {freeze, Dex+3
                  | Stlth+}
 76618 | Zig:18   | Entered Level 18 of a ziggurat
 76640 | Zig:18   | Found the ring of Shadows {Umbra +Inv Stlth+}
 76719 | Zig:18   | Identified the +3 great sword "Becsaeno" {flame, Int+2}
 76722 | Zig:19   | Entered Level 19 of a ziggurat
 76727 | Zig:19   | Noticed a juggernaut
 76727 | Zig:19   | Noticed a juggernaut
 76729 | Zig:19   | Noticed a juggernaut
 76729 | Zig:19   | Noticed a juggernaut
 76729 | Zig:19   | Noticed a juggernaut
 76731 | Zig:19   | Reached skill level 20 in Fighting
 76731 | Zig:19   | Noticed a juggernaut
 76732 | Zig:19   | Killed a juggernaut
 76732 | Zig:19   | Killed a juggernaut
 76732 | Zig:19   | Noticed a juggernaut
 76733 | Zig:19   | Killed a juggernaut
 76734 | Zig:19   | Killed a juggernaut
 76734 | Zig:19   | Killed a juggernaut
 76734 | Zig:19   | Killed a juggernaut
 76736 | Zig:19   | Noticed a juggernaut
 76736 | Zig:19   | Killed a juggernaut
 76740 | Zig:19   | Killed a juggernaut
 76762 | Zig:19   | Identified the +5 hand axe of the Sugar Beet {vamp, rC+}
 76781 | Zig:19   | Identified the +0 leather armour of Protective Custody
                  | {Int+2}
 76783 | Zig:19   | Identified the Grimoire of Venomous Evil
 76785 | Zig:19   | Identified the +1 flail "Ziukhlae" {protect, rF+ Str+2
                  | Int+6}
 76805 | Zig:19   | Learned a level 9 spell: Absolute Zero
 76810 | Zig:20   | Entered Level 20 of a ziggurat
 76823 | Zig:20   | Reached skill level 1 in Ice Magic
 76886 | Zig:20   | Found the +6 lightning scales {swift rElec}
 76921 | Zig:20   | Identified the ring of the Present {rC+ Str+2 Int+3 Dex-5}
 76935 | Zig:20   | Identified the +3 cloak "Zimaun" {Str+6 Int+5}
 76961 | Zig:20   | Acquired a manual of Throwing
 76971 | Zig:20   | Identified the +8 glaive "Hootowku" {vorpal, rPois rC++
                  | Str-3 Dex+3}
 76980 | Zig:21   | Entered Level 21 of a ziggurat
 76991 | Zig:21   | Reached skill level 21 in Fighting
 76997 | Zig:21   | Reached skill level 5 in Ice Magic
 77019 | Zig:21   | Reached skill level 15 in Necromancy
 77034 | Zig:21   | Identified the Catalogue of Flying Companions
 77076 | Zig:22   | Entered Level 22 of a ziggurat
 77108 | Zig:22   | Reached skill level 10 in Ice Magic
 77149 | Zig:22   | Identified the +1 leather armour of Ruvioti {+Inv rF+ Str-3
                  | Dex+2}
 77164 | Zig:22   | Identified the +6 long sword of Kasorchu {vorpal, Fly
                  | Will+}
 77173 | Zig:22   | Identified the Reference Book on the Damaging Frostbite
 77183 | Zig:23   | Entered Level 23 of a ziggurat
 77189 | Zig:23   | Noticed a juggernaut
 77192 | Zig:23   | Noticed a juggernaut
 77193 | Zig:23   | Noticed a juggernaut
 77194 | Zig:23   | Noticed a juggernaut
 77195 | Zig:23   | Noticed a juggernaut
 77196 | Zig:23   | Killed a juggernaut
 77196 | Zig:23   | Killed a juggernaut
 77196 | Zig:23   | Killed a juggernaut
 77197 | Zig:23   | Noticed a juggernaut
 77197 | Zig:23   | Killed a juggernaut
 77199 | Zig:23   | Killed a juggernaut
 77200 | Zig:23   | Killed a juggernaut
 77228 | Zig:23   | Identified the +0 falchion of Balance {vamp, rElec Will+}
 77242 | Zig:23   | Identified the +3 leather armour of Ipsimot {rElec SInv}
 77256 | Zig:23   | Identified the Incunabulum of Bewitching Dark Magic
 77258 | Zig:23   | Identified the ring "Valeo" {Wiz Str+7 Int+2}
 77260 | Zig:23   | Identified the Incunabulum of Fetching Toxins
 77270 | Zig:24   | Entered Level 24 of a ziggurat
 77281 | Zig:24   | Noticed an ancient lich
 77284 | Zig:24   | Noticed a dread lich
 77285 | Zig:24   | Reached skill level 15 in Ice Magic
 77285 | Zig:24   | Killed an ancient lich
 77285 | Zig:24   | Killed a dread lich
 77370 | Zig:24   | Identified the +0 helmet of Starshine {Fly rF+ Str+3}
 77413 | Zig:24   | Identified the +1 short sword of Responsibility {elec, rF-
                  | Str+3 Int+2}
 77417 | Zig:25   | Entered Level 25 of a ziggurat
 77428 | Zig:25   | Noticed an ancient lich
 77430 | Zig:25   | Killed an ancient lich
 77434 | Zig:25   | Noticed an ancient lich
 77435 | Zig:25   | Noticed an ancient lich
 77436 | Zig:25   | Noticed an ancient lich
 77438 | Zig:25   | Killed an ancient lich
 77438 | Zig:25   | Killed an ancient lich
 77440 | Zig:25   | Killed an ancient lich
 77459 | Zig:25   | Found the +18 shield of the Gong {rElec rN+ Will+ EV-5}
 77495 | Zig:25   | Identified the +8 battleaxe of Lajib {vorpal, rElec rC-
                  | rCorr Str+2}
 77508 | Zig:25   | Identified the +8 great mace of Zunasim {vorpal, rC++ Will+
                  | Str+4 Int-3}
 77517 | Zig:25   | Identified Asmodeus's Compendium of Supportive Arcane
                  | Weapons
 77523 | Zig:26   | Entered Level 26 of a ziggurat
 77536 | Zig:26   | Noticed a dread lich
 77538 | Zig:26   | Noticed an ancient lich
 77540 | Zig:26   | Killed an ancient lich
 77542 | Zig:26   | Killed a dread lich
 77543 | Zig:26   | Noticed an ancient lich
 77545 | Zig:26   | Killed an ancient lich
 77548 | Zig:26   | Reached skill level 22 in Fighting
 77624 | Zig:26   | Identified the +4 long sword of Revolt {venom, rC+}
 77631 | Zig:26   | Identified the +6 shortbow of Frustration {freeze, rPois
                  | Str+5}
 77644 | Zig:26   | Identified the +8 flail "Ynlo" {vorpal, rC+ Dex+3}
 77647 | Zig:26   | Identified the +4 cloak "Ziakonk" {rN++ MP-9 Str+4 Slay+3}
 77652 | Zig:27   | Entered Level 27 of a ziggurat
 77730 | Zig:27   | Identified the ring of Existentialism {Fly Stlth+}
 77739 | Zig:27   | Identified The Advanced Guide to Spellweaving
 77742 | Zig:27   | Identified the +6 rapier "Paneckor" {venom, Str+2 Int+3}
 77743 | Zig:27   | Identified the -5 pair of boots of Stained Life {Rampage
                  | rElec Dex+3}
 77747 | Zig:27   | Identified the +7 short sword of Ywurch {flame, rC+}
 77928 | D:15     | Acquired a manual of Dodging
 77934 | Zig:1    | Entered Level 1 of a ziggurat
 77960 | Zig:2    | Entered Level 2 of a ziggurat
 77988 | Zig:3    | Entered Level 3 of a ziggurat
 77994 | Zig:3    | Found the +6 shillelagh "Devastator" {shatter}
 78005 | Zig:3    | Identified Loravo's Grimoire of Gliding Poisoning
 78017 | Zig:4    | Entered Level 4 of a ziggurat
 78054 | Zig:5    | Entered Level 5 of a ziggurat
 78063 | Zig:5    | Reached skill level 23 in Fighting
 78126 | Zig:5    | Learned a level 9 spell: Death's Door
 78127 | Zig:6    | Entered Level 6 of a ziggurat
 78154 | Zig:6    | Identified the +8 quarterstaff of Nidim {vorpal, rPois}
 78160 | Zig:6    | Identified Qeghessu's Disquisition on Mutagenic Ice
 78166 | Zig:7    | Entered Level 7 of a ziggurat
 78174 | Zig:7    | Noticed a dread lich
 78178 | Zig:7    | Killed a dread lich
 78343 | Zig:8    | Entered Level 8 of a ziggurat
 78392 | Zig:8    | Identified the ring of Bishrem {rCorr Int+9}
 78403 | Zig:8    | Identified the Grimoire of Ghastly Poisoning
 78413 | Zig:8    | Identified the ring "Astreuh" {rPois rF+ rN+}
 78418 | Zig:9    | Entered Level 9 of a ziggurat
 78426 | Zig:9    | Noticed Dwachs's ghost (legendary DrIE)
 78427 | Zig:9    | Noticed ICC's ghost (legendary VSFi)
 78427 | Zig:9    | Noticed Ygonacw's ghost (legendary GrEE)
 78434 | Zig:9    | Killed Dwachs's ghost
 78436 | Zig:9    | Killed Ygonacw's ghost
 78437 | Zig:9    | Reached skill level 24 in Fighting
 78437 | Zig:9    | Killed ICC's ghost
 78514 | Zig:9    | Identified the +7 hunting sling "Hoofar" {freeze, *Corrode
                  | rElec Int+4}
 78536 | Zig:9    | Identified the +11 hunting sling of Zin's Grace {freeze,
                  | Will+ Int-5 Dex+4}
 78558 | Zig:10   | Entered Level 10 of a ziggurat
 78689 | Zig:10   | Identified the +8 hand axe "Taontori" {holy, rPois rF+
                  | Str+4}
 78698 | Zig:11   | Entered Level 11 of a ziggurat
 78708 | Zig:11   | Noticed an ancient lich
 78711 | Zig:11   | Reached skill level 25 in Fighting
 78712 | Zig:11   | Killed an ancient lich
 78827 | Zig:12   | Entered Level 12 of a ziggurat
 78876 | Zig:12   | Identified the amulet "Pyacaw" {Faith Int+4}
 78883 | Zig:13   | Entered Level 13 of a ziggurat
 78900 | Zig:13   | Found the +8 orange crystal plate armour {Archmagi, Int+3
                  | Clar}
 78910 | Zig:13   | Reached skill level 26 in Fighting
 78949 | Zig:14   | Entered Level 14 of a ziggurat
 79378 | Zig:14   | Identified the Volume of Warped Sinister Rituals
 79386 | Zig:14   | Identified the +4 glaive "Jips" {vamp, Drain Dex+6}
 79393 | Zig:15   | Entered Level 15 of a ziggurat
 79410 | Zig:15   | HP: 4/208 [iron giant/+0 giant spiked club (34)]
 79416 | Zig:15   | HP: 9/210 [entropy weaver (3)]
 79416 | Zig:15   | Hit by an iron giant thrown by iron giant

Illustrated notes

Levels and vault maps discovered:
D:1:      lightli_arrival_flooded_house, layout_basic
D:2:      layout_rooms, uniq_natasha, uniq_robin
D:3:      layout_loops_ring, basic_ecumenical_altar
D:4:      layout_cave_pools, nicolae_overflow_hidden_temple, marbit_many_paths,
          portal_sewer_entry_e, uniq_menkaure, uniq_crazy_yiuf_cottage
D:5:      layout_basic, lemuel_round_altar, minmay_temple_entry_tees,
          uniq_grinder, uniq_edmund, uniq_eustachio, uniq_prince_ribbit1
D:6:      layout_rooms, minivault_19
D:7:      layout_cave_pools, lemuel_doored_altar
D:8:      layout_basic, fedhas_altar_4, dpeg_oklobed_lair,
          minmay_fractal_squares_gapless_5
D:9:      layout_roguey [special_room_bee], regret_index_temple_of_mockery
D:10:     layout_rooms, gammafunk_temple_overflow_wave, erik_orc_1,
          gammafunk_ghost_mausoleum
D:11:     layout_cave_pods, nicolae_gozag_seed_capital, uniq_urug, uniq_sonja
D:12:     layout_roguey, special_room [special_room_orc], uniq_psyche,
          uniq_erolcha
D:13:     layout_layer_cave, david_vaults_2
D:14:     layout_basic, nicolae_ru_sacrificial_ziggurat
D:15:     grunt_enter_depths_giant_problem, layout_loops_corners, serial_shops,
          shop, nrook_pool_corridor, st_stairs_3, xom_shifter_show, uniq_louise
Temple:   dshaligram_water_room_temple
Lair:1:   lemuel_reptile_caves, layout_misc_corridors, grunt_megastairs_2,
          uniq_nergalle
Lair:2:   layout_roguey, ebering_ghost_reflecting_pool,
          infiniplex_staircase_pool_2, uniq_maggie
Lair:3:   layout_layer_cave, wad_woods_road_04
Lair:4:   layout_gridlike, palyth_hydra_swamp_entry,
          minmay_snake_entry_six_corridors, uniq_snorg
Lair:5:   layout_regular_city, dpeg_slime_entry_enclosed_altar,
          nicolae_volcano_entry_vermiform, grunt_forest_large_clearings,
          infiniplex_staircase_pool
Lair:6:   cheibrodos_lair_end_hotspot, layout_layer_cave,
          mumra_transporter_accident, uniq_rupert
Swamp:1:  layout_falls_marsh, evilmike_swamp_ruin_house_2, swamp_pool2,
          nicolae_swamp_godswood, nicolae_swamp_alligator_family
Swamp:2:  layout_basic_swamp, evilmike_swamp_ruin_house_6, worms_lemuel
Swamp:3:  layout_basic_swamp, evilmike_swamp_ruin_house_4
Swamp:4:  grunt_swamp_rune_castle, layout_basic_swamp
Snake:1:  layout_rooms, gammafunk_ghost_split
Snake:2:  layout_onion_interference, portal_ice_cave_entry_ice_statue_one,
          gammafunk_ghost_abyssal_escape, basic_altar, chequers_hall_statues_y,
          nicolae_snake_herptile_family_reunion, grunt_megastairs_3, uniq_aizul,
          uniq_asterion, uniq_saint_roka, uniq_roxanne
Snake:3:  layout_chambers, minmay_snake_pond, uniq_jorgrun
Snake:4:  grunt_snake_rune_spirals, layout_onion, corexii_hall_statues_u,
          lemuel_fruit_tree
Orc:1:    layout_diamond_mine, serial_shops, nicolae_shop_behind_doors, shop,
          shop, shop
Orc:2:    pf_orc_diabolical, layout_diamond_mine, biasface_ghost_orc_armoury
Elf:1:    eino_elf_arrival_altar, layout_gridlike, minmay_elf_demonology,
          moated_statue, minivault_26, uniq_kirke, uniq_azrael
Elf:2:    layout_geoelf_octagon, hangedman_feature_mirror,
          evilmike_spriggan_trog_shrine
Elf:3:    minmay_elf_hall_furrowed, layout_onion_city, serial_shops,
          nicolae_shop_crystal
Vaults:1: v_pattern_4, nicolae_vaults_network_square,
          vaults_room_grunt_arrival_ludios, v_misc_19, grunt_tower_of_power,
          nicolae_vaults_network_s, v_misc_27, vaults_room_semicircle,
          v_misc_30, vaults_room_stairs_pillars, ontoclasm_vaults_twist,
          nicolae_vaults_angled_halls, layout_vaults_omnicross,
          mu_enter_wizlab_6
Vaults:2: nicolae_vaults_know_your_exits, v_rooms_4,
          vaults_standard_mumra_lines, minmay_crypt_entry_necro_gods,
          nicolae_vaults_three_branches, nicolae_vaults_circle_grid_b, v_misc_3,
          hangedman_vaults_capsules, vaults_mumra_chevron_long,
          nicolae_vaults_little_squares_2, v_misc_1, ontoclasm_vaults_hangar,
          layout_vaults_maze_snakey, serial_shops, shop_scrolls, uniq_xtahua
Vaults:3: v_misc_29, v_rooms_4, v_misc_5, hangedman_vaults_stretched_pinwheel,
          hangedman_vaults_restitches, nicolae_vaults_ring_of_whatevers,
          grunt_vaults_trifunnel, hangedman_vaults_slice, v_misc_13,
          nicolae_vaults_angled_halls, vaults_dpeg_hooks, layout_vaults_ring,
          uniq_jory
Vaults:4: ontoclasm_vaults_ring_small, vaults_room_fancy_cross,
          gammafunk_its_a_trap, v_misc_14, vaults_mumra_lcd,
          nicolae_vaults_little_squares_3, hangedman_vaults_stitches,
          ontoclasm_vaults_shuriken, ontoclasm_vaults_decontamination,
          nicolae_vaults_network_periphery, grunt_vaults_twisty,
          vaults_room_pools, vaults_dpeg_ring, layout_vaults_omnibox, uniq_mara,
          uniq_frederick, uniq_donald
Vaults:5: serial_shops
Crypt:1:  layout_misc_corridors
Crypt:2:  layout_rooms, minivault_27
Crypt:3:  grunt_crypt_end_deaths_head
Depths:1: layout_gridlike, columned_hall_lemuel, pf_vacation_house_of_asmodeus,
          minmay_room_of_horrors, minmay_checkered_concentric_circles
Depths:2: spriggan_forest, hell_entry, abyss_entry, pan_entry
Depths:3: minmay_stepped, layout_gridlike, grunt_hell_entry_dis_grunt,
          infiniplex_staircase_trident, grunt_pan_entry_zigzag
Depths:4: hangedman_arch_fort, layout_gridville, enter_ziggurat_f, abyss_entry,
          serial_shops, nicolae_shop_window_shopping, pf_coc_iceberg,
          chequers_serial_rivers_micro_a, enter_trove_1,
          minmay_misc_feat_pillars
Depths:5: evilmike_zot_entry_hall, layout_cave_shapes,
          wad_floor_pattern_untrapped, ebering_ghost_disaster_area,
          serial_sigils, serial_sigils_hangedman_clutch,
          serial_sigils_hangedman_scratch, serial_sigils_hangedman_leer,
          serial_sigils_hangedman_gnaw, hell_entry, hangedman_abyss_entry_splay,
          uniq_enchantress, uniq_boris
Zig:15

Skill      XL: |  1  2  3  4  5  6  7  8  9 10 11 12 13 14 15 16 17 18 19 20 21 22 23 24 25 26 27 |
---------------+----------------------------------------------------------------------------------+-----
Earth Magic    | 4 5 6 7 8 9 10 11 12 13 15 16 17 18 19 20 21 22 | 22.0
Conjurations   | 1 2 3 4 5 6 7 8 9 10 11 12 13 14 15 16 17 20 | 20.0
Spellcasting   | 3 4 5 6 7 8 9 10 11 12 13 14 15 23 | 23.8
Fighting       | 1 3 4 5 7 8 9 10 11 12 13 14 15 16 26 | 26.6
Maces & Flails | 1 2 4 5 6 7 8 9 10 11 12 13 14 15 16 | 16.0
Armour         | 1 3 4 5 6 |  6.0
Dodging        | 2 3 4 5 6 7 8 9 10 11 12 13 15 | 15.0
Fire Magic     | 2 6 10 14 17 18 19 20 22 | 22.0
Evocations     | 1 3 4 5 6 7 8 9 10 | 10.0
Shields        | 1 3 4 |  4.0
Transmutations | 3 12 | 12.0
Necromancy     | 1 18 | 18.1
Ice Magic      | 20 | 20.5
Stealth        | |  2.1

Action                   |  1- 3 |  4- 6 |  7- 9 | 10-12 | 13-15 | 16-18 | 19-21 | 22-24 | 25-27 || total
-------------------------+-------+-------+-------+-------+-------+-------+-------+-------+-------++-------
Melee: Unarmed           |     9 |       |       |       |       |       |       |       |       ||     9
       Club              |    42 |    30 |       |       |       |       |       |       |       ||    72
       Flail             |       |    97 |    28 |       |       |       |       |       |    21 ||   146
       Falchion          |       |       |   145 |   263 |       |       |       |       |       ||   408
       Dire flail        |       |       |       |   101 |  1274 |   585 |   672 |   538 |       ||  3170
       Bite              |       |       |       |       |     5 |     8 |       |       |       ||    13
       Demon whip        |       |       |       |       |       |       |       |    77 |  1315 ||  1392
       Morningstar       |       |       |       |       |       |       |       |       |   126 ||   126
 Cast: Sandblast         |    28 |    25 |    51 |    38 |    42 |     3 |     1 |       |       ||   188
       Stone Arrow       |       |    13 |    40 |    92 |    42 |     1 |     1 |       |     1 ||   190
       Lee's Rapid Decon |       |       |     6 |    32 |    48 |    29 |    23 |    32 |    16 ||   186
       Bolt of Magma     |       |       |       |    56 |    60 |    75 |    16 |     4 |    11 ||   222
       Iron Shot         |       |       |       |     4 |   121 |   170 |   157 |    99 |    31 ||   582
       Fireball          |       |       |       |       |     9 |       |     1 |     1 |       ||    11
       Ignition          |       |       |       |       |       |    18 |    61 |    72 |    87 ||   238
       Shatter           |       |       |       |       |       |       |       |    25 |   260 ||   285
       Fire Storm        |       |       |       |       |       |       |       |       |    34 ||    34
       Absolute Zero     |       |       |       |       |       |       |       |       |    10 ||    10
       Necromutation     |       |       |       |       |       |       |       |       |     3 ||     3
 Abil: End Transformatio |       |       |       |       |       |       |       |       |     1 ||     1
Evoke: Wand              |       |       |       |     1 |     9 |     8 |       |       |       ||    18
       Condenser vane    |       |       |       |       |       |     2 |     1 |       |     4 ||     7
       Tin of tremorston |       |       |       |       |       |       |       |       |     5 ||     5
       Lightning rod     |       |       |       |       |       |       |       |       |     1 ||     1
       Figurine of a zig |       |       |       |       |       |       |       |       |     1 ||     1
  Use: Scroll            |     2 |     8 |     6 |     7 |     7 |     7 |     7 |    12 |    16 ||    72
       Potion            |     1 |       |     5 |     5 |     9 |    23 |     2 |     2 |    31 ||    78
 Stab: Sleeping          |       |     4 |     3 |     1 |     5 |     2 |       |     2 |     1 ||    18
       Invisible         |       |       |     2 |       |     2 |       |       |       |       ||     4
       Distracted        |       |       |     1 |     1 |     1 |     2 |     1 |       |     5 ||    11
       Confused          |       |       |       |       |     1 |       |       |       |       ||     1
Armor: Robe              |    24 |    74 |    58 |       |       |       |       |       |       ||   156
       Leather armour    |       |       |   134 |   503 |   741 |   361 |   457 |     3 |       ||  2199
       Troll leather arm |       |       |       |       |       |       |       |   330 |   917 ||  1247
Dodge: Dodged            |    42 |   141 |   252 |   473 |  1108 |   464 |   501 |   350 |  1050 ||  4381
Block: Buckler           |       |       |       |       |       |       |       |       |   263 ||   263
       Rpst.: Falchion   |       |       |    53 |    88 |       |       |       |       |       ||   141
       Dire flail        |       |       |       |       |       |    41 |    80 |    54 |       ||   175
       Demon whip        |       |       |       |       |       |       |       |     9 |   174 ||   183
       Flail             |       |       |       |       |       |       |       |       |     3 ||     3
       Morningstar       |       |       |       |       |       |       |       |       |    35 ||    35

Table legend: (Time is in decaauts)
 A = Elapsed time spent in this place.
 B = Non-inter-level travel time spent in this place.
 C = Inter-level travel time spent in this place.
 D = Time resting spent in this place.
 E = Time spent auto-exploring this place.
 F = Levels seen in this place.
 G = Mean time per level.
                   A        B        C        D        E       F      G
               +--------+--------+--------+--------+--------+-----+--------+
         Total |  78446 |  72962 |   5484 |  12077 |  44009 |  96 |  817.1 |
       Dungeon |  19785 |  18211 |   1574 |   2871 |  12147 |  15 | 1319.0 |
        Temple |    589 |    580 |      9 |    455 |     48 |   1 |  589.0 |
          Lair |  12069 |  11184 |    885 |   1133 |   7878 |   6 | 2011.5 |
         Swamp |   4275 |   4035 |    240 |    535 |   2802 |   4 | 1068.8 |
     Snake Pit |   9968 |   9591 |    377 |   2058 |   5473 |   4 | 2492.0 |
  Orcish Mines |   3575 |   3305 |    270 |    634 |   1916 |   2 | 1787.5 |
   Elven Halls |   3093 |   2901 |    192 |     48 |   2139 |   3 | 1031.0 |
        Vaults |   8352 |   7258 |   1094 |    945 |   4873 |   5 | 1670.4 |
         Crypt |   2232 |   2109 |    123 |      0 |   1413 |   3 |  744.0 |
        Depths |   6470 |   5754 |    716 |    290 |   4147 |   5 | 1294.0 |
         Abyss |    489 |    489 |      0 |    215 |    177 |   1 |  489.0 |
      Ziggurat |   3657 |   3657 |      0 |   1154 |      0 |  42 |   87.1 |
         Trove |    105 |    105 |      0 |      0 |      0 |   1 |  105.0 |
         Sewer |    312 |    312 |      0 |      0 |    257 |   1 |  312.0 |
      Ice Cave |   1147 |   1147 |      0 |    759 |    109 |   1 | 1147.0 |
       Volcano |   1049 |   1049 |      0 |    833 |      0 |   1 | 1049.0 |
        Wizlab |   1269 |   1269 |      0 |    146 |    628 |   1 | 1269.0 |
               +--------+--------+--------+--------+--------+-----+--------+

Top non-repeatable levels by time:
 Snake:2: 3370 daAuts
  Lair:6: 3215 daAuts
   Orc:2: 2726 daAuts
 Snake:1: 2349 daAuts
Vaults:4: 2327 daAuts
  Lair:4: 2285 daAuts
 Snake:3: 2226 daAuts
    D:11: 2055 daAuts
  Lair:3: 2054 daAuts
 Snake:4: 2022 daAuts
Depths:2: 1777 daAuts
  Lair:1: 1757 daAuts
Vaults:2: 1702 daAuts
Vaults:3: 1634 daAuts
     D:3: 1626 daAuts
